[Event "Early-Titled-Tuesday-Blitz-March-12-2024"]
[Site "Chess.com"]
[Date "2024.03.12"]
[Round "11"]
[White "LiamPutnam2008"]
[Black "bubeliang"]
[Result "1/2-1/2"]
[WhiteElo "2892"]
[BlackElo "2800"]
[TimeControl "180+1"]
[EndTime "10:04:19 PDT"]
[Termination "Game drawn by repetition"]

1. Nf3 d5 2. b3 Nf6 3. Bb2 e6 4. e3 Be7 5. c4 O-O 6. Nc3 c5 7. cxd5 exd5 8. d4 Nc6 9. Be2 Ne4 10. O-O Bf6 11. Nxe4 dxe4 12. Ne5 cxd4 13. exd4 Re8 14.
Rc1 Bd7 15. Nxd7 Qxd7 16. Bb5 Red8 17. Bxc6 bxc6 18. Qc2 Bxd4 19. Rfd1 c5 20. Bxd4 cxd4 21. Qxe4 Rac8 22. Rxc8 Qxc8 23. g3 Qd7 24. b4 g6 25.
h4 Qa4 26. Rxd4 Rxd4 27. Qxd4 Qxa2 28. Kg2 a6 29. Qd8+ Kg7 30. Qd4+ Kg8 31. h5 gxh5 32. Qd8+ Kg7 33. Qg5+ Kh8 34. Qxh5 Qc4 35. Qc5 Qe4+ 36. Kh2 Kg7 37. Qb6 Qe2 38. Qd4+ Kg6 39. g4 h5 40.
Qb6+ f6 41. gxh5+ Qxh5+ 42. Kg2 Qd5+ 43. Kg1 Qd1+ 44. Kh2 Qh5+ 45. Kg2 Qd5+ 46. Kg3 Qg5+ 47. Kf3 Qd5+ 48. Ke3 Qc4 49. Qc5 Qxc5+ 50. bxc5 Kf7 51.
Kd3 Ke6 52. Kc4 Kd7 53. Kd5 f5 54. c6+ Kc7 55. Kc5 f4 56. f3 a5 57. Kb5 a4 58.
Kxa4 Kxc6 59. Kb4 Kd5 60. Kc3 Kc5 61. Kd3 Kd5 62. Kc3 Kc5 63. Kd3 Kd5 64. Kc3 1/2-1/2

[Event "Early-Titled-Tuesday-Blitz-March-12-2024"]
[Site "Chess.com"]
[Date "2024.03.12"]
[Round "11"]
[White "MaxLeto"]
[Black "WilsonPalencia21"]
[Result "1-0"]
[WhiteElo "2504"]
[BlackElo "2553"]
[TimeControl "180+1"]
[EndTime "10:04:19 PDT"]
[Termination "MaxLeto won by resignation"]

1. a3 g6 2. b3 Bg7 3. c3 d6 4. d3 Nc6 5. e3 e5 6. f3 Nge7 7. g3 h5 8. h3 d5 9. Ra2 Nf5 10. Ne2 Nd6 11. Bg2 a5 12. Nd2 Be6 13. Rc2 Bh6 14. Nf1 e4 15. Nf4 Bxf4 16. exf4 exd3 17. Qxd3 Bf5 18. Re2+ Kd7 19. Qxd5 Qf6 20. Bb2 Rae8 21. Ne3 h4 22. c4 Qe7 23. Bxh8 Be6 24. Qd3 Rxh8 25.
c5 Qf6 26. g4 Nd4 27. Rd2 Nxb3 28. cxd6 Nxd2 29. dxc7+ Kc8 30. Qxd2 Qxf4 31. Ke2 Re8 32. Re1 Qg3 33. Kf1 Kxc7 34. Nd5+ Kb8 35. Qxa5 Rc8 36. Nb4 Qd6 37. Qe5 Bc4+ 38. Kf2 Qxe5 39. Rxe5 Be6 40. Re3 Rc1 41. f4 Rb1 42. Nd5 Rb2+ 43. Kg1 Rxg2+ 44. Kxg2 Bxd5+ 45. Kf2 Kc7 46. Re8 Kd6 47.
Rh8 Kc5 48. Rxh4 Kc4 49. Rh8 Kb3 50. Ra8 Bc6 51. h4 Ba4 52. Ra7 Bc6 53. h5 gxh5 54.
gxh5 Kc4 55. Ke3 Kd5 56. h6 Kc5 57. h7 1-0

[Event "Early-Titled-Tuesday-Blitz-March-12-2024"]
[Site "Chess.com"]
[Date "2024.03.12"]
[Round "11"]
[White "Byniolus"]
[Black "Winner_7777"]
[Result "1-0"]
[WhiteElo "2817"]
[BlackElo "2596"]
[TimeControl "180+1"]
[EndTime "10:04:20 PDT"]
[Termination "Byniolus won on time"]

1. d4 d5 2. Nf3 e6 3. Bf4 Nf6 4. e3 Bd6 5. Bg3 O-O 6. Nbd2 c5 7. c3 Nc6 8. Bd3 b6 9. Ne5 Bb7 10. f4 Ne7 11. Qb1 g6 12. Bf2 cxd4 13. exd4 a5 14. O-O Nf5 15. Qe1 Be7 16. Bxf5 exf5 17. Bh4 Re8 18.
Bxf6 Bxf6 19. Qf2 b5 20. Nd3 Be7 21. Nc5 Bc6 22. a3 Bd6 23. g3 Qc7 24. b4 Re7 25.
Rfe1 Rae8 26. Ndb3 a4 27. Nd2 Bxc5 28. bxc5 Qa5 29.
Rxe7 Rxe7 30. Rc1 Re6 31. Nf3 Bb7 32. Ne5 f6 33. Nd3 Re4 34. Nb4 Qc7 35. Re1 Bc6 36.
Rxe4 fxe4 37. f5 g5 38. g4 Kg7 39. Qg3 Qb7 40. Qd6 Be8 41. Qxd5 Qb8 42. Qd6 Qxd6 43.
cxd6 Kf7 44. Kf2 Bd7 45. Ke3 Bc8 46. Kxe4 Bb7+ 47. d5 Ke8 48. Kd4 Kd7 49. Kc5 h6 50. Nc6 Ba8 51. Nd4 Bb7 52. Nxb5 Ba6 53. c4 Bb7 54.
Nc3 Ba6 55. Nxa4 1-0

[Event "Early-Titled-Tuesday-Blitz-March-12-2024"]
[Site "Chess.com"]
[Date "2024.03.12"]
[Round "11"]
[White "rasmussvane"]
[Black "blitzking1729"]
[Result "1-0"]
[WhiteElo "2955"]
[BlackElo "2798"]
[TimeControl "180+1"]
[EndTime "10:04:25 PDT"]
[Termination "rasmussvane won by resignation"]

1. e4 e6 2. d4 d5 3. Nd2 c5 4.
exd5 Qxd5 5. dxc5 Nf6 6. Ngf3 Qxc5 7. Bd3 Be7 8. O-O O-O 9. Qe2 Nbd7 10. a4 Qc7 11. a5 Nc5 12. Bc4 Rd8 13. Re1 Bd7 14.
b3 Bc6 15. Bb2 Nce4 16. Nxe4 Nxe4 17. Nd4 Bf6 18. Nxc6 Qxc6 19. Bxf6 Nxf6 20. a6 b6 21.
Rad1 Kf8 22. h3 h6 23. Qe3 Rac8 24. Qc1 Rxd1 25. Rxd1 b5 26. Bd3 Qxa6 27. Qf4 Qb6 28. Qb4+ Qc5 29. Qxc5+ Rxc5 30. Ra1 Nd5 31. Rxa7 Nb4 32.
Rb7 Nxd3 33. cxd3 Rd5 34. Kf1 g5 35. Ke2 Kg7 36. g3 Kg6 37. Ke3 Kf6 38. d4 Kg6 39. Ke4 h5 40. g4 hxg4 41. hxg4 Kf6 42. f3 Kg6 43. Rc7 f5+ 44. gxf5+ Rxf5 45. Rc6 Kf6 46. Rc5 Rf4+ 47. Ke3 Rf5 48. b4 Ke7 49. Ke4 Kd6 50. Rxf5 exf5+ 51. Kxf5 Kd5 52. Kxg5 Kc4 53. f4 Kxb4 54. f5 Kc4 55. f6 b4 56.
f7 b3 57. f8=Q b2 58. Qb8 1-0

[Event "Early-Titled-Tuesday-Blitz-March-12-2024"]
[Site "Chess.com"]
[Date "2024.03.12"]
[Round "11"]
[White "electrosaw"]
[Black "KhazhatulyAlikhan"]
[Result "1-0"]
[WhiteElo "2565"]
[BlackElo "2450"]
[TimeControl "180+1"]
[EndTime "10:04:27 PDT"]
[Termination "electrosaw won on time"]

1. e4 c5 2. Nf3 e6 3. g3 Nc6 4.
Bg2 Nf6 5. d3 d5 6. Nbd2 dxe4 7.
dxe4 Qc7 8. O-O Be7 9. c3 O-O 10.
Qc2 Rd8 11. a4 h6 12. Re1 e5 13.
Nc4 Be6 14. Bf1 Rd7 15. Nh4 Rad8 16. Nf5 Bf8 17. Nfe3 b6 18. Na3 Qb7 19. Bc4 Bxc4 20.
Naxc4 a6 21. a5 b5 22. Nb6 Rd6 23. Nbd5 Nxd5 24. Nxd5 Ne7 25. Ne3 c4 26. b3 cxb3 27. Qxb3 Qxe4 28. Ba3 Rd2 29. Nf1 Re2 30. Ne3 Rdd2 31. Rxe2 Rxe2 32. Qd1 Qf3 33. Qf1 Ng6 34. Bxf8 Nxf8 35. Nd5 Ne6 36. Qg2 e4 37. h4 Qd3 38.
Ne7+ Kf8 39. Nf5 Qxc3 40. Rd1 Re1+ 41. Rxe1 Qxe1+ 42. Kh2 h5 43. Ne3 Qb4 44. Nd5 Qd4 45. Ne3 g6 46. g4 Qe5+ 47. Kg1 Nf4 48. Qf1 hxg4 49. Nxg4 Qh5 50. Qd1 Qxh4 51. Qd6+ Kg7 52. Qxf4 Qe7 53. Ne3 f5 54. Nd5 Qe6 55. Qc7+ Kh6 56.
Nf4 Qf6 57. Kf1 Qa1+ 58. Kg2 Qf6 59. Nd5 Qg5+ 60. Qg3 Qd8 61. Qf4+ Kg7 62. Qe5+ Kh6 63. Ne7 Qf8 64. Qe6 1-0

[Event "Early-Titled-Tuesday-Blitz-March-12-2024"]
[Site "Chess.com"]
[Date "2024.03.12"]
[Round "11"]
[White "Anton_Demchenko"]
[Black "Blitzstream"]
[Result "0-1"]
[WhiteElo "2982"]
[BlackElo "2820"]
[TimeControl "180+1"]
[EndTime "10:04:28 PDT"]
[Termination "Blitzstream won on time"]

1. e4 c5 2. Nc3 d6 3. Bb5+ Bd7 4.
a4 g6 5. f4 Bg7 6. Nf3 Nc6 7. O-O Nd4 8. d3 e6 9. Be3 Ne7 10.
Bxd4 cxd4 11. Ne2 Bxb5 12. axb5 O-O 13. Kh1 Qb6 14. c4 dxc3 15. Nxc3 a6 16. bxa6 Qxb2 17. axb7 Rxa1 18. Qxa1 Qxc3 19. Qxc3 Bxc3 20. Rb1 Rb8 21. g4 d5 22. Kg2 Kg7 23. g5 Nc6 24. Rc1 d4 25.
Nxd4 Nxd4 26. Rxc3 Rxb7 27. Rc4 Rb2+ 28. Kg3 Nb5 29.
h4 Rb3 30. Kg4 Rxd3 31. h5 gxh5+ 32. Kxh5 Rh3+ 33. Kg4 Re3 34. f5 Nd6 35. Rc6 Rxe4+ 36. Kf3 Rd4 37. fxe6 fxe6 38. Rc7+ Kg6 39. Re7 Kxg5 40.
Rxe6 Nf5 41. Re8 Rd3+ 42. Kg2 h5 43. Re5 Kf4 44. Ra5 Kg4 45. Ra4+ Nd4 46. Ra5 Rd2+ 47. Kf1 h4 48. Ra8 Nf3 49. Rg8+ Ng5 50. Rh8 h3 51. Kg1 Nf3+ 52. Kf1 h2 53. Rg8+ Ng5 54. Rh8 Nh3 55.
Rg8+ Kf5 56. Rf8+ Kg6 57. Rg8+ Kf7 58. Ke1 h1=Q+ 59. Kxd2 Kxg8 0-1

[Event "Early-Titled-Tuesday-Blitz-March-12-2024"]
[Site "Chess.com"]
[Date "2024.03.12"]
[Round "11"]
[White "vasblesk"]
[Black "temus_galaktionov"]
[Result "1-0"]
[WhiteElo "2776"]
[BlackElo "2859"]
[TimeControl "180+1"]
[EndTime "10:04:28 PDT"]
[Termination "vasblesk won by resignation"]

1. d4 c6 2. c4 g6 3. Nf3 d6 4.
Nc3 Bg7 5. g3 Nd7 6. Bg2 Ngf6 7.
O-O O-O 8. e4 e5 9. Re1 a5 10.
h3 exd4 11. Nxd4 Nc5 12. Bf4 Nh5 13. Be3 a4 14. Qd2 Re8 15. Rad1 Qa5 16. Nde2 Rd8 17. g4 Nf6 18. e5 Ne8 19. exd6 Rxd6 20. Qc2 Be6 21. b3 axb3 22. axb3 Qb4 23. Bxc5 Qxc5 24. Ne4 Rxd1 25. Rxd1 Qb4 26. Nf4 Nc7 27. Nd3 Qe7 28. Ndc5 b6 29. Na4 Rb8 30. Nac3 Rd8 31. Rxd8+ Qxd8 32. Ne2 c5 33. Qd2 Qxd2 34. Nxd2 Bd7 35. Ne4 Ne6 36.
N4c3 Nd4 37. Nxd4 Bxd4 38. Nd5 b5 39. Ne7+ Kf8 40. Nc6 bxc4 41. bxc4 Bc3 42. Na7 f5 43. gxf5 Bxf5 44. Nb5 Be5 45. Na7 Kf7 46. Nc6 Bc3 47.
Bd5+ Kf6 48. Kg2 h6 49. h4 h5 50. Kg3 Bd3 51. Kf3 Bd2 52. Nb8 Ke7 53. Nc6+ Kd6 54. Nd8 Kd7 55. Ne6 Kd6 56. Nd8 Kd7 57. Ne6 Bb4 58.
Nf4 Bf5 59. Be4 Bxe4+ 60. Kxe4 Be1 61. Nd3 Kd6 62. Nxe1 1-0

[Event "Early-Titled-Tuesday-Blitz-March-12-2024"]
[Site "Chess.com"]
[Date "2024.03.12"]
[Round "11"]
[White "AttilaTurzo"]
[Black "AlexandraSamaganova"]
[Result "1-0"]
[WhiteElo "2476"]
[BlackElo "2369"]
[TimeControl "180+1"]
[EndTime "10:04:28 PDT"]
[Termination "AttilaTurzo won by resignation"]

1. d4 Nf6 2. Bf4 e6 3. Nf3 b6 4. e3 Bb7 5. h3 d5 6. Bd3 Bd6 7. Nbd2 O-O 8. c3 c5 9. Ne5 Qc7 10.
Qf3 Nbd7 11. Nxd7 Qxd7 12. O-O Rfe8 13. Be5 Bxe5 14. dxe5 d4 15. Qe2 dxc3 16. exf6 cxd2 17. Bxh7+ Kf8 18. fxg7+ Kxg7 19. Bc2 Rg8 20. Rad1 Rad8 21. e4 Kf8 22. Kh1 Qd4 23. b3 Qc3 24. Bb1 Ke7 25.
f3 Rd7 26. f4 Rgd8 27. f5 Rh8 28.
Rf3 Qd4 29. fxe6 fxe6 30. Bc2 Qe5 31. Rxd2 Rxd2 32. Qxd2 Qa1+ 33. Kh2 Qe5+ 34. Qf4 Qxf4+ 35. Rxf4 e5 36. Rf5 Ke6 37. Bd3 Rd8 38. Bc4+ Kd6 39.
Rf6+ Kc7 40. Re6 Rd4 41. Rxe5 Bxe4 42. a4 Bc6 43. Re7+ Kd6 44. Rxa7 Rd2 45. Rg7 Ke5 46. Rg6 Bb7 47. h4 Kf5 48. Rg7 Kf6 49. Rxb7 Rb2 50. Rxb6+ Kf5 51. Rb5 Ke4 52. Rxc5 Kd4 53. Rd5+ Ke4 54.
h5 Kf4 55. h6 Re2 56. h7 Re7 57. Rh5 Rxh7 58. Rxh7 Kg5 59. Re7 1-0

[Event "Early-Titled-Tuesday-Blitz-March-12-2024"]
[Site "Chess.com"]
[Date "2024.03.12"]
[Round "11"]
[White "Jospem"]
[Black "wonderfultime"]
[Result "0-1"]
[WhiteElo "3129"]
[BlackElo "3091"]
[TimeControl "180+1"]
[EndTime "10:04:29 PDT"]
[Termination "wonderfultime won on time"]

1. e4 e5 2. Nf3 Nc6 3. Bb5 a6 4. Ba4 Bc5 5. c3 Nge7 6. d4 exd4 7. cxd4 Bb4+ 8. Bd2 Bxd2+ 9. Nbxd2 d5 10. e5 O-O 11. O-O Bg4 12. h3 Bh5 13. Bxc6 Nxc6 14. Qb3 Rb8 15. Rac1 Qd7 16. Rfe1 Nd8 17. Qe3 c6 18. b4 Qe7 19. a3 Ne6 20. Nb3 Rbe8 21. Nc5 Bxf3 22. Qxf3 Nxd4 23. Qe3 Ne6 24. Nd3 f6 25. Qg3 Qf7 26. Re3 Nd4 27. Ree1 fxe5 28. Nxe5 Qf4 29. Qxf4 Rxf4 30. Nd3 Rfe4 31. Kf1 Rxe1+ 32. Nxe1 Nb5 33. a4 Nd6 34. Nd3 Re4 35. f3 Rd4 36.
Ke2 a5 37. Rb1 axb4 38. Nxb4 Rc4 39. a5 Nb5 40. Rb2 Nc3+ 41. Kd2 Na4 42. Rb1 Nc5 43. Ke3 g5 44. Nd3 Rc3 45. Kd4 Rb3 46. Rb2 Rxb2 47.
Nxb2 Nb3+ 48. Ke5 Nxa5 49. Kd6 Nc4+ 50. Ke6 Nxb2 51. Kf6 d4 52. Ke6 d3 53. Kf6 d2 54.
Ke6 d1=Q 55. Kf6 Qe2 56. Kxg5 Qxg2+ 57. Kh6 Qxh3+ 58. Kg5 Qxf3 59. Kh6 Qg3 60. Kh5 Kf7 0-1

[Event "Early-Titled-Tuesday-Blitz-March-12-2024"]
[Site "Chess.com"]
[Date "2024.03.12"]
[Round "11"]
[White "Hanging_pointer"]
[Black "Vladimir_Zakhartsov"]
[Result "0-1"]
[WhiteElo "2726"]
[BlackElo "2865"]
[TimeControl "180+1"]
[EndTime "10:04:34 PDT"]
[Termination "Vladimir_Zakhartsov won by checkmate"]

1. d4 Nf6 2. c4 e6 3. Nf3 d5 4. Nc3 c5 5. cxd5 Nxd5 6. g3 cxd4 7. Nxd5 Qxd5 8. Qxd4 Qxd4 9. Nxd4 Bb4+ 10. Bd2 Bxd2+ 11. Kxd2 Ke7 12. Bg2 Rd8 13. Ke3 e5 14.
Nb3 Na6 15. Rhd1 Nb4 16. Rxd8 Kxd8 17. Rd1+ Ke7 18. Rc1 Kd6 19. Rd1+ Ke7 20. Rc1 Kd6 21.
Rd1+ Kc7 22. Rc1+ Kb6 23. a3 Nc6 24. Nc5 Rb8 25. b4 a6 26. Be4 h6 27. f3 f6 28. g4 Nd4 29. Na4+ Kb5 30. Nc3+ Kb6 31. Na4+ Kb5 32. Nc3+ Kb6 33. Nd5+ Kb5 34. Rc7 f5 35. gxf5 Bxf5 36. Nc3+ Kb6 37. Rxg7 Bxe4 38. fxe4 Rc8 39. Kd3 Ka7 40. Re7 Nc6 41. Re6 h5 42. Rh6 Rg8 43.
Rxh5 Rg1 44. b5 axb5 45. Nxb5+ Kb6 46. Nd6 Ra1 47. Nc4+ Kc5 48. Nxe5 Rxa3+ 49. Kd2 Na5 50. Nd3+ Kd4 51. Rb5 Nc4+ 52. Ke1 Ke3 53. Kf1 Nd2+ 54. Kg2 Kxe2 55. Nf4+ Ke3 56. Nd5+ Kxe4 57. Nf6+ Kf4 58.
Rxb7 Ra2 59. Nh5+ Kg4 60. Ng3 Nf3+ 61. Kf1 Nxh2+ 62. Kg1 Kxg3 63. Rb3+ Nf3+ 64. Kf1 Rf2# 0-1

[Event "Early-Titled-Tuesday-Blitz-March-12-2024"]
[Site "Chess.com"]
[Date "2024.03.12"]
[Round "11"]
[White "NMJeevanK"]
[Black "RobertoJBM"]
[Result "1/2-1/2"]
[WhiteElo "2589"]
[BlackElo "2810"]
[TimeControl "180+1"]
[EndTime "10:04:35 PDT"]
[Termination "Game drawn by repetition"]

1. e4 c6 2. d4 d5 3. exd5 cxd5 4. Bd3 Nc6 5. c3 Nf6 6. Bf4 Bg4 7. Qb3 Qd7 8. Nd2 e6 9. Ngf3 Bxf3 10. Nxf3 Bd6 11. Bxd6 Qxd6 12. O-O O-O 13. Rfe1 Rab8 14.
a4 Nd7 15. Qc2 h6 16. a5 Rfc8 17. Qd2 Qc7 18. a6 b6 19. Bb5 Na5 20. Bxd7 Qxd7 21.
Ne5 Qb5 22. Qf4 Qe8 23. Re3 Nc4 24. Rg3 Nxe5 25. Qxe5 Qf8 26. Re1 Re8 27. Qh5 Kh7 28.
Ree3 g6 29. Qe5 f6 30. Qc7+ Re7 31. Qd6 Rd8 32. Qc6 Qe8 33. Qxe8 Rdxe8 34. Rgf3 Kg7 35. Re1 Kf7 36. Rfe3 Rc7 37. f4 Rc6 38. Ra1 Rd8 39.
Kf2 b5 40. Ra5 Rb8 41. Re1 b4 42. Rc1 Ke7 43. Ke3 Kd6 44. Kd3 bxc3 45. bxc3 Rb2 46. Rc2 Rbb6 47. Rca2 Rb3 48. Rc2 Rc4 49. g3 Kc6 50. Ra1 Rb6 51. Rca2 Rb3 52. Rc2 Kd7 53. Raa2 Rc6 54. Ra1 Kc7 55. Kd2 Kd6 56. Kd3 Rb8 57. Kd2 h5 58. Kd3 Rbb6 59. Rca2 Rb3 60. Rc2 Rcb6 61.
Kd2 Rb1 62. Ra5 R6b5 63. Ra4 Rh1 64. Kd3 Rd1+ 65. Ke2 Rdb1 66. c4 R5b2 67. Kd3 Rxc2 68. Kxc2 Rh1 69. c5+ Kc6 70. Rb4 Ra1 71. Rb7 Rxa6 72.
Rg7 Kb5 73. Rxg6 Kc4 74. Rxf6 Kxd4 75. f5 Rc6 76. Rxe6 Rxc5+ 77. Kd2 Ra5 78. f6 Ra2+ 79. Ke1 Ra1+ 80. Ke2 Ra2+ 81. Ke1 Ra1+ 82. Ke2 Ra2+ 83. Ke1 1/2-1/2

[Event "Early-Titled-Tuesday-Blitz-March-12-2024"]
[Site "Chess.com"]
[Date "2024.03.12"]
[Round "11"]
[White "FormerProdigy"]
[Black "AlmasRakhmatullaev"]
[Result "0-1"]
[WhiteElo "2965"]
[BlackElo "2864"]
[TimeControl "180+1"]
[EndTime "10:04:42 PDT"]
[Termination "AlmasRakhmatullaev won by resignation"]

1. d4 d5 2. c4 c6 3. Nc3 Nf6 4. e3 a6 5. Nf3 Bf5 6. Ne5 h6 7. Qb3 Ra7 8. cxd5 cxd5 9. Bd2 e6 10. Qa4+ Nbd7 11. Rc1 Ra8 12. Nxd7 Nxd7 13. Be2 Bd6 14. O-O O-O 15. Qb3 b5 16. Nxd5 exd5 17. Qxd5 Bxh2+ 18. Kxh2 Be6 19. Qd6 Qh4+ 20. Kg1 Nf6 21. f3 Bxa2 22.
Qh2 Qg5 23. Rc5 Qg6 24. e4 Rac8 25. Rfc1 Rcd8 26. Be3 Rfe8 27. Rc6 Bd5 28. Rxa6 Bxe4 29. Rxf6 Qxf6 30. fxe4 Rxe4 31. Qg3 Rde8 32. Rc3 b4 33.
Rd3 Qe6 34. Kf2 Qa2 35. b3 Qc2 36. d5 f5 37. Qf3 f4 38. Bd2 Rxe2+ 39. Qxe2 Rxe2+ 40. Kxe2 f3+ 41. gxf3 Qc7 42. d6 Qd7 43. Bxb4 Kf7 44.
Be1 Ke6 45. Bg3 h5 46. Kf2 g5 47. Rd2 h4 48. Bh2 g4 49. fxg4 Kf6 50. Kf3 Kg5 51. Bf4+ Kg6 52. b4 Qc6+ 53. Kf2 Qd7 54. g5 h3 55. Kg3 Kh5 56. b5 Qg4+ 57. Kf2 Qxf4+ 58.
Ke2 h2 59. Rd1 Qe4+ 60. Kd2 Qd4+ 61. Kc2 Qxd1+ 62. Kxd1 h1=Q+ 63. Kc2 Qd5 64. Kc3 Qxb5 0-1

[Event "Early-Titled-Tuesday-Blitz-March-12-2024"]
[Site "Chess.com"]
[Date "2024.03.12"]
[Round "11"]
[White "imdvb6307"]
[Black "IndianSchoolOfSuffering"]
[Result "1-0"]
[WhiteElo "2498"]
[BlackElo "2394"]
[TimeControl "180+1"]
[EndTime "10:04:42 PDT"]
[Termination "imdvb6307 won by resignation"]

1. d4 Nf6 2. Nf3 g6 3. c4 Bg7 4.
Nc3 d5 5. Bf4 O-O 6. Rc1 c5 7.
dxc5 Qa5 8. e3 dxc4 9. Bxc4 Ne4 10. Be5 Nxc3 11. Bxc3 Bxc3+ 12. Rxc3 Nc6 13. a3 Bg4 14. b4 Qc7 15. h3 Rad8 16. Qe2 Bxf3 17. Qxf3 Ne5 18. Qf4 e6 19. O-O Rd2 20. Rd3 Rxd3 21.
Bxd3 Rd8 22. Rd1 Kg7 23. Kf1 f6 24. Be2 Rxd1+ 25. Bxd1 Qd7 26. Qd4 Qb5+ 27. Be2 Qa4 28. Qc3 Qd7 29. g4 g5 30. f4 gxf4 31. exf4 Ng6 32. g5 e5 33. gxf6+ Kxf6 34. fxe5+ Nxe5 35. Kg2 Qg7+ 36. Qg3 Qh6 37. Qf2+ Ke6 38. Bg4+ Nxg4 39. hxg4 Qg5 40. Kf3 Qd5+ 41. Kg3 Qe5+ 42. Kg2 h5 43. Qf3 Qb2+ 44. Kg3 Qe5+ 45. Kh4 hxg4 46. Qxg4+ Kd5 47. Qd7+ Kc4 48. Qf7+ Kc3 49. Qxb7 Qf4+ 50. Kh5 Qf5+ 51. Kh6 Qf6+ 52. Kh7 Qf5+ 53. Kg7 Qg5+ 54. Kf7 Qf5+ 55. Ke8 Qe6+ 56. Kd8 Qg8+ 57. Kc7 Qb3 58. Qxa7 Qf7+ 59. Kb6 Qe6+ 60. Ka5 Qb3 61. Kb5 Qc4+ 62. Kb6 Kb3 63. c6 Qd4+ 64. Kb7 Qg7+ 65. Ka6 Qc3 66. Qc5 Qd3+ 67. Kb7 1-0

[Event "Early-Titled-Tuesday-Blitz-March-12-2024"]
[Site "Chess.com"]
[Date "2024.03.12"]
[Round "11"]
[White "PepeCuenca"]
[Black "guillembaches"]
[Result "1-0"]
[WhiteElo "2713"]
[BlackElo "2550"]
[TimeControl "180+1"]
[EndTime "10:04:45 PDT"]
[Termination "PepeCuenca won on time"]

1. d4 d5 2. c4 e6 3. Nf3 a6 4.
Bg5 Be7 5. Bxe7 Qxe7 6. Nbd2 Nf6 7. g3 O-O 8. Bg2 b6 9. cxd5 exd5 10. O-O Bb7 11. Rc1 c5 12. b3 Nbd7 13. Re1 Rfe8 14. e3 Rac8 15. Bh3 Rc7 16. Rc2 h5 17. Qa1 g6 18. Rec1 Kg7 19. Bxd7 Qxd7 20. dxc5 bxc5 21. Rxc5 Rxc5 22. Rxc5 d4 23. Qxd4 Qg4 24.
Qxg4 hxg4 25. Nd4 Nh7 26. Nc4 Re7 27. Nd6 Ba8 28. N6f5+ gxf5 29. Nxf5+ Kf6 30. Nxe7 Kxe7 31. Rc7+ Ke6 32. Ra7 Be4 33. Rxa6+ Ke5 34. Ra5+ Ke6 35. b4 f5 36. Ra6+ Ke5 37. Rg6 Kd5 38. Rg7 Nf6 39. Rc7 Kd6 40. Rc8 Nd7 41. b5 Ne5 42. b6 Nf3+ 43. Kf1 Bd3+ 44. Kg2 Ne1+ 45. Kh1 Be4+ 46.
Kg1 Nf3+ 47. Kf1 Bd3+ 48. Kg2 Ne1+ 49. Kg1 Nf3+ 50. Kh1 Be4 51. Rc1 Nd2+ 52. Kg1 Kd7 53. Rd1 Kc6 54. Rxd2 Kxb6 55. Rd4 Ka5 56. Rxe4 fxe4 57.
h4 gxh3 58. Kh2 Ka4 59. Kxh3 Ka3 60. Kg4 Kxa2 61. Kf4 Kb3 62. Kxe4 Kc3 63. Kf4 Kd3 64. g4 Kd2 65. g5 Ke2 66. g6 Kxf2 67. g7 Ke2 68. g8=Q Kd3 69. Qf7 1-0

[Event "Early-Titled-Tuesday-Blitz-March-12-2024"]
[Site "Chess.com"]
[Date "2024.03.12"]
[Round "11"]
[White "falzehope0"]
[Black "toninhojit"]
[Result "1-0"]
[WhiteElo "2450"]
[BlackElo "2503"]
[TimeControl "180+1"]
[EndTime "10:04:45 PDT"]
[Termination "falzehope0 won by checkmate"]

1. d4 Nf6 2. e3 c5 3. c3 b6 4.
f4 Bb7 5. Nf3 g6 6. Bd3 Bg7 7.
O-O O-O 8. f5 d6 9. fxg6 hxg6 10.
Ng5 e5 11. Qe1 Nh7 12. Nxh7 Kxh7 13. Nd2 f5 14. dxc5 dxc5 15. Bc4 Nd7 16. Nf3 Bh6 17. Qg3 e4 18. Nh4 Qf6 19. Qc7 Qc6 20. Qg3 Rae8 21. Bb5 Qxb5 22. Qxg6+ Kh8 23. Qxh6+ Kg8 24. Qg6+ Kh8 25.
Nxf5 Qxf1+ 26. Kxf1 Rxf5+ 27. Qxf5 Rf8 28. Qxf8+ Nxf8 29. c4 Ba6 30. b3 b5 31. Bb2+ Kg8 32.
cxb5 Bxb5+ 33. Kf2 Kf7 34. Rc1 Ne6 35. Ba3 c4 36.
bxc4 Bc6 37. Rd1 Ng7 38. Rd6 Ba4 39. Ra6 Bc2 40. Rxa7+ Kg6 41. g4 Ne6 42. Ra6 Kf7 43.
h4 Bd1 44. g5 Bh5 45. Bb4 Nd8 46. Rh6 Bg6 47. a4 Nc6 48. Bc3 Ne7 49. h5 Bf5 50. Rf6+ Ke8 51. g6 Bg4 52. g7 Bxh5 53. Re6 Bf7 54. Re5 Kd7 55. Bb4 Nc6 56. Rb5 Bxc4 57. Rb6 Bf7 58. a5 Kc7 59. Bc3 Ne7 60. Rb2 Nd5 61.
Bd4 Ne7 62. a6 Bd5 63. a7 Bb7 64. Rc2+ Kd7 65. Rb2 Kc7 66. Rb1 Ng8 67. Rh1 Bd5 68. Rh8 Kb7 69. Rh5 Bf7 70. Rc5 Be6 71. Re5 Bb3 72. Rb5+ Ka8 73. Rxb3 Ne7 74. Rb8# 1-0

[Event "Early-Titled-Tuesday-Blitz-March-12-2024"]
[Site "Chess.com"]
[Date "2024.03.12"]
[Round "11"]
[White "VladimirKramnik"]
[Black "GMSrinath"]
[Result "1-0"]
[WhiteElo "2999"]
[BlackElo "2819"]
[TimeControl "180+1"]
[EndTime "10:04:49 PDT"]
[Termination "VladimirKramnik won by resignation"]

1. e4 c5 2. Nf3 d6 3. d4 cxd4 4. Nxd4 Nf6 5. Nc3 Nc6 6. Bg5 e6 7. Qd2 a6 8. O-O-O Be7 9. f3 O-O 10. h4 Nxd4 11. Qxd4 b5 12. Kb1 Bb7 13. Bd3 Qc7 14. Ne2 Rfd8 15. Qf2 d5 16. e5 Ne4 17. Qe1 Nc5 18. Nd4 Rac8 19. Bxe7 Qxe7 20. c3 Nxd3 21. Rxd3 a5 22. f4 b4 23. f5 bxc3 24. bxc3 exf5 25. Nxf5 Qe6 26. Nd4 Qg6 27. Qg3 Qb6+ 28. Ka1 Ba6 29.
Rb1 Qc7 30. Rf3 Rb8 31. Rxb8 Rxb8 32. e6 Qxg3 33. Rxg3 Kh8 34. exf7 Rf8 35. Rf3 Bc8 36. Nc6 g6 37. Nxa5 Kg7 38. Nc6 Bf5 39. Ne5 Be4 40. Rf2 h5 41. a4 Bf5 42. Kb2 Rb8+ 43. Ka3 Ra8 44. Kb4 Rb8+ 45. Kc5 Ra8 46. Ra2 Kf6 47. Nc6 Kxf7 48. a5 Ke6 49. a6 Kd7 50. Kb6 Kd6 51. a7 Bd7 52. Nb8 Be6 53. Kb7 d4 54.
Ra6+ Kc5 55. Rc6+ Kb5 56. Kxa8 Bd5 57. Kb7 dxc3 58. a8=Q c2 59. Qa6+ Kb4 60. Qb6+ Ka3 61. Qa5+ Kb2 62. Qxd5 c1=Q 63. Qb5+ 1-0

[Event "Early-Titled-Tuesday-Blitz-March-12-2024"]
[Site "Chess.com"]
[Date "2024.03.12"]
[Round "11"]
[White "Meri-Arabidze"]
[Black "Shuvalov"]
[Result "0-1"]
[WhiteElo "2704"]
[BlackElo "2567"]
[TimeControl "180+1"]
[EndTime "10:04:56 PDT"]
[Termination "Shuvalov won on time"]

1. d4 Nf6 2. c4 g6 3. g3 c6 4. Bg2 d5 5. Nf3 Bg7 6. cxd5 cxd5 7. O-O O-O 8. Ne5 Bf5 9. Nc3 Ne4 10. Qb3 Nc6 11.
Qxd5 Nxc3 12. bxc3 Qxd5 13. Bxd5 Nxe5 14. dxe5 Bxe5 15.
Bh6 Rfd8 16. e4 Bh3 17. Rfc1 Rab8 18. Rab1 b6 19. Bg5 Kf8 20. f4 Bd6 21. Kf2 Kg7 22.
Kf3 f6 23. Bh4 h5 24. e5 Ba3 25. exf6+ exf6 26. c4 Bxc1 27. Rxc1 Rbc8 28. Rb1 Bf5 29. Rb2 Re8 30. Rd2 Rcd8 31. a4 Be4+ 32. Kf2 Bxd5 33.
cxd5 Rd6 34. h3 Red8 35. Re2 R8d7 36. g4 hxg4 37. hxg4 Rxd5 38. Re6 g5 39. fxg5 fxg5 40. Bg3 Rd2+ 41. Ke1 R2d3 42. Bb8 Kf7 43. Rh6 R3d4 44. Rh7+ Ke6 45. Rh6+ Kd5 46. Rg6 Rxg4 47. a5 bxa5 48. Ra6 Re7+ 49. Kf2 Rf7+ 50. Ke2 Re4+ 51. Kd3 Rf3+ 52. Kd2 Ra3 53. Rxa7 Rh4 54. Kc2 Rhh3 55. Rd7+ Kc6 56. Rg7 Ra2+ 57. Kb1 Rg2 58. Rg6+ Kb7 59. Bf4 Rh1+ 60. Bc1 Rgg1 61. Rg7+ Kc6 62. Rg6+ Kb5 63. Ka2 Rxc1 64. Rxg5+ Rc5 65. Rg2 Rhc1 66. Rg3 R1c2+ 67.
Kb1 Rf2 0-1

[Event "Early-Titled-Tuesday-Blitz-March-12-2024"]
[Site "Chess.com"]
[Date "2024.03.12"]
[Round "11"]
[White "sergoy"]
[Black "Polish_fighter3000"]
[Result "0-1"]
[WhiteElo "3024"]
[BlackElo "3131"]
[TimeControl "180+1"]
[EndTime "10:04:58 PDT"]
[Termination "Polish_fighter3000 won by resignation"]

1. d4 Nf6 2. c4 g6 3. Nc3 Bg7 4. e4 d6 5. Nf3 O-O 6. Be2 e5 7. O-O h6 8. Re1 a5 9. Rb1 Nc6 10. d5 Ne7 11. a3 a4 12. Nd2 Bd7 13. Nf1 Nh7 14. Ng3 b6 15. Bd2 h5 16. Nf1 h4 17. h3 f5 18. exf5 gxf5 19. Nh2 e4 20. Bh5 Nf6 21. Bg5 Nxh5 22. Qxh5 Qe8 23. Qxe8 Raxe8 24. Bxh4 Ng6 25. Bg5 Ne5 26. Nb5 Nxc4 27. Nxc7 Rc8 28.
Ne6 Bxe6 29. dxe6 Bxb2 30. Nf1 Bxa3 31. Ne3 Rfe8 32. Nxc4 Rxc4 33. Rxb6 Rxe6 34. Ra6 Bb2 35. Re3 Kf7 36. Ra7+ Ke8 37. Rg3 Rg6 38. h4 Be5 39.
f4 Bd4+ 40. Kh2 Bxa7 41. h5 Rg7 42. h6 Rh7 43. Ra3 Bc5 44. Ra1 d5 45. g4 Bf8 46.
Kg3 Bxh6 47. gxf5 Bxg5 48. fxg5 e3 49. g6 Rh5 50. Rf1 e2 51. Re1 Rxf5 52. Rxe2+ Re4 53. Rb2 Rg5+ 54. Kf3 Rxg6 55. Rb8+ Kf7 56. Rb7+ Kf6 57.
Rb5 Ke5 58. Ra5 Rf6+ 59. Kg3 Ref4 60. Kg2 Rf2+ 61. Kg3 R6f3+ 62. Kg4 Rf4+ 63. Kg3 R2f3+ 64. Kg2 Rb3 65. Ra8 Rc4 66. Re8+ Kd4 67. Re2 a3 68. Rd2+ Kc5 69. Kh1 Rc1+ 70. Kg2 Rb2 71. Rf2 Rcc2 72. Rxc2+ Rxc2+ 0-1